 Dungeon Crawl Stone Soup version 0.28-a0-803-g74956062c1 (webtiles) character file.

Game seed: 16309836332910672639

65 Gargoyl the Skirmisher (level 4, -6/41 HPs)
             Began as a Gnoll Abyssal Knight on Nov 7, 2021.
             Was a Follower of Lugonu.
             Mangled by a gnoll (10 damage)
             ... on level 1 of the Dungeon.
             The game lasted 00:02:37 (2221 turns).

Gargoyl the Skirmisher (Gnoll Abyssal Knight)       Turns: 2221, Time: 00:02:37

Health: -6/41      AC:  7    Str: 10 (13) XL:     4   Next: 13%
Magic:  7/7        EV:  9    Int:  8 (9)  God:    Lugonu [*.....]
Gold:   91         SH:  0    Dex: 10 (13) Spells: 5/5 levels left

rFire   . . .      SeeInvis .   a - +1 hand axe
rCold   . . .      Faith    .   (no shield)
rNeg    . . .      Spirit   .   g - +0 scale mail
rPois   .          Reflect  .   (helmet restricted)
rElec   .          Harm     .   (no cloak)
rCorr   .          Rampage  .   (no gloves)
Will    .....                   (no boots)
Stlth   ..........              (no amulet)
HPRegen 0.13/turn               (no ring)
MPRegen 0.10/turn               (no ring)

@: no status effects
A: fangs 1, strong nose, distributed training, horns 1, subdued magic 1
a: Renounce Religion, Depart the Abyss


You were on level 1 of the Dungeon.
You worshipped Lugonu.
Lugonu was aware of your devotion.
You visited 1 branch of the dungeon, and saw 2 of its levels.
You visited the Abyss 1 time.

You collected 91 gold pieces.

Inventory:

Hand Weapons
 a - a +1 hand axe (weapon)
Armour
 g - a +0 scale mail (worn)
Scrolls
 d - a scroll of noise {unknown}
 e - a scroll of teleportation {unknown}
 h - a scroll of acquirement {unknown}
 i - a scroll of amnesia {unknown}
 j - 2 scrolls of immolation {unknown}


   Skills:
 + Level 6.6 Fighting
 + Level 1.0 Short Blades
 + Level 1.0 Long Blades
 + Level 4.6 Axes
 + Level 1.0 Maces & Flails
 + Level 1.0 Polearms
 + Level 1.0 Staves
 + Level 1.0 Slings
 + Level 1.0 Bows
 + Level 1.0 Crossbows
 + Level 1.0 Throwing
 + Level 4.6 Armour
 + Level 2.7 Dodging
 + Level 1.0 Stealth
 + Level 1.0 Shields
 + Level 1.0 Unarmed Combat
 + Level 1.0 Spellcasting
 + Level 0.8 Conjurations
 + Level 0.8 Hexes
 + Level 0.8 Summonings
 + Level 0.8 Necromancy
 + Level 0.8 Translocations
 + Level 0.8 Transmutations
 + Level 0.8 Fire Magic
 + Level 0.8 Ice Magic
 + Level 0.8 Air Magic
 + Level 0.8 Earth Magic
 + Level 0.8 Poison Magic
 + Level 4.6 Invocations
 + Level 1.0 Evocations


You had 5 spell levels left.
You didn't know any spells.
Your spell library contained the following spells:

 Spells                   Type           Power      Damage    Failure   Level
 Freeze                   Ice            4%         1d3       83%         1
 Frozen Ramparts          Ice            2%         1d2       99%         3
 Hailstorm                Conj/Ice       1%         3d3       100%        4
 Iskenderun's Battlesphe  Conj           1%         2d6       100%        5
 Iron Shot                Conj/Erth      0%         9d1       100%        6
 Spellforged Servitor     Conj/Summ      0%         N/A       100%        7


Dungeon Overview and Level Annotations

Branches:
Dungeon (2/15)

Altars:

Shops:
D:1 :[


Innate Abilities, Weirdness & Mutations

You have very sharp teeth.
Your uncanny sense of smell can sniff out nearby items.
Your experience applies equally to all skills.
You have a pair of small horns on your head.
Your spells are a little easier to cast, but a little less powerful.


Message History

You start resting.
You feel sick. x3
You are no longer poisoned.
You start resting.
A kobold comes into view. It is wielding a +0 club.
The kobold shouts!
The kobold throws a stone.
The stone hits you but does no damage.
The kobold throws a stone.
The stone completely misses you. The kobold barely misses you.
You see here an adder corpse.
You closely miss the kobold. The kobold closely misses you.
You hit the kobold.
The kobold is moderately wounded.
The kobold hits you but does no damage.
The gnoll shouts!
You slash the kobold!
You kill the kobold!
Lugonu accepts your kill.
You hear a shout!
Things that are here:
a +0 club; 2 stones; a kobold corpse You see here an adder corpse.
The gnoll hits you but does no damage.
There is a stone staircase leading up, spattered with blood here.
The gnoll hits you with a +0 halberd!
You climb upwards.
There is a stone staircase leading down, spattered with blood here.
You hit the gnoll.
The gnoll is moderately wounded.
The gnoll barely misses you. The gnoll hits you with a +0 halberd!
* * * LOW HITPOINT WARNING * * *
It was a potion of mutation.
You feel extremely strange. A pair of horns grows on your head!
Your connection to magic feels subdued.
The gnoll closely misses you.
You hit the gnoll.
The gnoll is heavily wounded.
The gnoll barely misses you.
You barely miss the gnoll. You headbutt the gnoll.
The gnoll is almost dead.
The gnoll hits you with a +0 halberd!
You die...

..# #.##.####..##
..###.##.#.#...#
..##....[.##...#
..##......#....#
..##......#....#
..........#....#####
..........#....#...#
.....######....#.g.# .....#
###...#@).#######
.....#####.#....#).#...>.##
...........##...#.........##
............#...##.........#
.....#####..##...#.........#
......####.รท.#...##........#
..###....#...#....#........#
..#(#.##.##.......##.......#
.......#.##........#.......#


You could see a gnoll.

Vanquished Creatures
  A gnoll (D:1)
  2 adders (D:2)
  An ufetubus (Abyss:1)
  A dart slug (D:1)
  3 bats
  3 endoplasms
  A giant cockroach (D:1)
  5 hobgoblins
  A quokka (D:1)
  3 ball pythons (D:1)
  A frilled lizard (D:1)
  2 goblins (D:1)
  4 kobolds
  2 rats
30 creatures vanquished.

Notes
Turn   | Place    | Note
-------+----------+-------------------------------------------
     0 | Abyss:1  | Gargoyl the Gnoll Abyssal Knight began the quest for the
                  | Orb.
     0 | Abyss:1  | Reached XP level 1. HP: 23/23 MP: 3/3
   133 | Abyss:1  | Noticed a flying skull
   256 | Abyss:1  | Noticed a starcursed mass
   285 | Abyss:1  | Noticed a wretched star
   285 | Abyss:1  | Noticed a small abomination
   291 | Abyss:1  | Noticed an iron imp
   354 | Abyss:1  | Found a shadowy altar of Dithmenos.
   396 | Abyss:1  | Noticed a large abomination
   406 | Abyss:1  | Noticed a ynoxinul
   411 | D:1      | Escaped the Abyss
   485 | D:1      | Reached XP level 2. HP: 22/29 MP: 5/5
   488 | D:1      | Reached * piety under Lugonu
   605 | D:1      | Found Picise's Armour Shoppe.
   698 | D:1      | Found a faded altar of an unknown god.
   904 | D:1      | Found Ogodd's Book Shop.
   984 | D:1      | Reached XP level 3. HP: 35/35 MP: 6/6
  1149 | D:1      | HP: 2/52 [gnoll (5)]
  1679 | D:2      | Reached skill level 1 in Short Blades
  1679 | D:2      | Reached skill level 1 in Long Blades
  1679 | D:2      | Reached skill level 1 in Maces & Flails
  1679 | D:2      | Reached skill level 1 in Polearms
  1679 | D:2      | Reached skill level 1 in Staves
  1679 | D:2      | Reached skill level 1 in Slings
  1679 | D:2      | Reached skill level 1 in Bows
  1679 | D:2      | Reached skill level 1 in Crossbows
  1679 | D:2      | Reached skill level 1 in Throwing
  1679 | D:2      | Reached skill level 1 in Stealth
  1679 | D:2      | Reached skill level 1 in Shields
  1679 | D:2      | Reached skill level 1 in Unarmed Combat
  1679 | D:2      | Reached skill level 1 in Spellcasting
  1679 | D:2      | Reached skill level 1 in Evocations
  2198 | D:2      | Reached XP level 4. HP: 26/41 MP: 7/7
  2219 | D:1      | Gained mutation: You have a pair of small horns on your
                  | head. [potion of mutation]
  2219 | D:1      | Gained mutation: Your spells are a little easier to cast,
                  | but a little less powerful. [potion of mutation]
  2221 | D:1      | Mangled by a gnoll

Illustrated notes

Levels and vault maps discovered:
D:1:      dpeg_arrival_round_b, layout_rooms, hellmonk_ecumenical_altar_zigzags,
          serial_shops, shop, shop, minmay_pentomino_u4
D:2:      layout_basic, hangedman_decor_points

Skill      XL: |  1  2  3 |
---------------+----------+-----
Short Blades   | 1 |  1.0
Long Blades    | 1 |  1.0
Maces & Flails | 1 |  1.0
Polearms       | 1 |  1.0
Staves         | 1 |  1.0
Slings         | 1 |  1.0
Bows           | 1 |  1.0
Crossbows      | 1 |  1.0
Throwing       | 1 |  1.0
Stealth        | 1 |  1.0
Shields        | 1 |  1.0
Unarmed Combat | 1 |  1.0
Spellcasting   | 1 |  1.0
Evocations     | 1 |  1.0
Fighting       | |  6.6
Axes           | |  4.6
Armour         | |  4.6
Dodging        | |  2.7
Conjurations   | |  0.8
Hexes          | |  0.8
Summonings     | |  0.8
Necromancy     | |  0.8
Translocations | |  0.8
Transmutations | |  0.8
Fire Magic     | |  0.8
Ice Magic      | |  0.8
Air Magic      | |  0.8
Earth Magic    | |  0.8
Poison Magic   | |  0.8
Invocations    | |  4.6

Action                   |  1- 3 |  4- 6 || total
-------------------------+-------+-------++-------
Melee: Hand axe          |    97 |     6 ||   103
       Bite              |     4 |       ||     4
       Headbutt          |       |     1 ||     1
Invok: Depart the Abyss  |     1 |       ||     1
  Use: Potion            |     4 |     1 ||     5
Armor: Leather armour    |     4 |       ||     4
       Scale mail        |    57 |     3 ||    60
Dodge: Dodged            |    70 |     6 ||    76

Table legend: (Time is in decaauts)
 A = Elapsed time spent in this place.
 B = Non-inter-level travel time spent in this place.
 C = Inter-level travel time spent in this place.
 D = Time resting spent in this place.
 E = Time spent auto-exploring this place.
 F = Levels seen in this place.
 G = Mean time per level.
                   A        B        C        D        E       F      G
               +--------+--------+--------+--------+--------+-----+--------+
         Total |   2247 |   2209 |     38 |    761 |    981 |   3 |  749.0 |
       Dungeon |   1834 |   1796 |     38 |    761 |    648 |   2 |  917.0 |
         Abyss |    413 |    413 |      0 |      0 |    333 |   1 |  413.0 |
               +--------+--------+--------+--------+--------+-----+--------+

Top non-repeatable levels by time:
     D:1: 1454 daAuts
 Abyss:1: 413 daAuts
     D:2: 379 daAuts
